 Dungeon Crawl Stone Soup version 0.29-a0-371-g91724d5b39 (webtiles) character file.

Game seed: 3785824922411665856

78727 garrulousMonolith the Blocker (level 15, 0/86 (87) HPs)
             Began as a Gargoyle Earth Elementalist on May 3, 2022.
             Was a Believer of Ashenzari.
             Slain by a phantasmal warrior (22 damage)
             ... led by a death knight
             ... on level 14 of the Dungeon.
             The game lasted 00:46:19 (28247 turns).

garrulousMonolith the Blocker (GrEE)               Turns: 28247, Time: 00:46:20

HP:   0/86 (87)     AC: 33    Str: 18    XL:     15   Next: 61%
MP:   9/30          EV: 10    Int: 23    God:    Ashenzari [**....]
Gold: 1302          SH: 17    Dex: 10    Spells: 21/36 levels left

rFire   + . .      SeeInvis +   Q - +3 demon whip (venom)
rCold   + . .      Faith    .   n - +0 kite shield
rNeg    + . .      Spirit   .   a - +5 ring mail "Share My Repose" {rElec rF+ Regen+ Int+2, Elem, Alch} (curse)
rPois   ∞          Reflect  +   t - +0 helmet
rElec   +          Harm     .   T - +2 cloak
rCorr   .          Rampage  .   N - +0 pair of gloves
Will    .....      Rage     3%  u - +2 pair of boots
Stlth   +.........              v - amulet of the Profound Sun {Reflect SH+5, Elem, Bglg} (curse)
HPRegen 1.04/turn               o - ring of the Cursed Comet {Str+6, Self, Comp} (curse)
MPRegen 0.22/turn               C - ring of protection from cold

@: weak-willed, flying, lightly drained
A: sickness immunity, AC +11, big wings, negative energy resistance 1,
electricity resistance, torment resistance 1, petrification resistance, frail 1,
[berserk 2], [dopey 1]
a: Renounce Religion, Curse Item, Shatter the Chains


You were on level 14 of the Dungeon.
You worshipped Ashenzari.
Ashenzari was pleased with you.
You visited 3 branches of the dungeon, and saw 22 of its levels.
You visited the Abyss 2 times.

You collected 1486 gold pieces.
You spent 184 gold pieces at shops.

Inventory:

Hand Weapons
 e - a +2 short sword of electrocution
 q - a +4 war axe of flaming
 B - the +5 war axe of the Dungeon {freeze, rPois}
   (You found it on level 5 of the Lair of Beasts)

   It freezes those it strikes, dealing additional cold damage.
   It can also slow down cold-blooded creatures.
   rPois:     It protects you from poison.
 D - a +1 eveningstar of draining
 K - a +2 vorpal hunting sling
 Q - a +3 demon whip of venom (weapon)
 Y - a +0 long sword
Missiles
 h - 96 poisoned darts
 m - 11 javelins
 x - 319 stones
 G - 3 throwing nets
 P - 7 curare-tipped darts
Armour
 a - the cursed +5 ring mail "Share My Repose" (worn) {rElec rF+ Regen+ Int+2, Elem, Alch}
   (You found it on level 3 of the Dungeon)

   Int:       It affects your intelligence (+2).
   rF:        It protects you from fire.
   rElec:     It insulates you from electricity.
   Regen:     It increases your rate of health regeneration.
   It has a curse which improves the following skills: Elements: Fire Magic, Ice
   Magic, Air Magic and Earth Magic.
   Alchemy:   Poison Magic and Transmutations.
 n - a +0 kite shield (worn)
 t - a +0 helmet (worn)
 u - a +2 pair of boots (worn)
 N - a +0 pair of gloves (worn)
 T - a +2 cloak (worn)
 Z - a scarf of invisibility
Jewellery
 c - a ring of ice
 o - the cursed ring of the Cursed Comet (left hand) {Str+6, Self, Comp}
   (You found it on level 2 of the Dungeon)

   [ring of strength]

   Str:       It affects your strength (+6).
   It has a curse which improves the following skills: Introspection: Fighting
   and Spellcasting.
   Companions: Summonings and Necromancy.
 v - the cursed amulet of the Profound Sun (around neck) {Reflect SH+5, Elem, Bglg}
   (You found it on level 5 of the Dungeon)

   [amulet of reflection]

   It reflects blocked missile attacks.
   SH:        It affects your SH (+5).
   It has a curse which improves the following skills: Elements: Fire Magic, Ice
   Magic, Air Magic and Earth Magic.
   Beguiling: Conjurations, Hexes and Translocations.
 C - a ring of protection from cold (right hand)
 U - a ring of resist corrosion
Wands
 d - a wand of acid (10)
 i - a wand of digging (12)
 E - a wand of iceblast (24)
 F - a wand of polymorph (17)
 L - a wand of charming (4)
 O - a wand of flame (32)
 V - a wand of paralysis (7)
Scrolls
 g - 3 scrolls of holy word
 j - a scroll of blinking
 k - 5 scrolls of vulnerability
 r - 3 scrolls of summoning
 s - a scroll of amnesia
 w - 21 scrolls of identify
 y - 4 scrolls of fog
 z - 5 scrolls of fear
 I - 3 scrolls of magic mapping
 J - 3 scrolls of teleportation
Potions
 b - 5 potions of mutation
 f - 11 potions of curing
 l - 2 potions of resistance
 p - 2 potions of brilliance
 A - 5 potions of flight
 H - 4 potions of haste
 M - 4 potions of ambrosia
 W - a potion of berserk rage
 X - 2 potions of cancellation
Miscellaneous
 S - a condenser vane (inert)


   Skills:
 + Level 11.3(12.5) Fighting
 * Level 9.4 Maces & Flails
 + Level 11.3 Armour
 - Level 2.0 Dodging
 - Level 2.1 Stealth
 + Level 13.2 Shields
 + Level 9.8(11.0) Spellcasting
 - Level 8.7(10.0) Conjurations
 - Level 8.7(10.0) Necromancy
 - Level 1.0(1.7) Transmutations
 - Level 9.1(11.0) Earth Magic


You had 21 spell levels left.
You knew the following spells:

 Your Spells              Type           Power      Damage    Failure   Level
a - Sandblast             Erth           100%       2d20      1%          1
b - Stone Arrow           Conj/Erth      100%       3d13      1%          3
c - Passwall              Tmut/Erth      35%        N/A       1%          2
d - Borgnjor's Vile Clut  Necr/Erth      28%        N/A       5%          5
e - Petrify               Tmut/Erth      42%        N/A       11%         4

Your spell library contained the following spells:

 Spells                   Type           Power      Damage    Failure   Level
 Animate Skeleton         Necr           100%       N/A       1%          1
 Pain                     Necr           100%       1d9       1%          1
 Vampiric Draining        Necr           56%        2d10      1%          3
 Static Discharge         Conj/Air       36%        N/A       2%          2
 Conjure Flame            Conj/Fire      36%        6-21      5%          3
 Dazzling Flash           Conj/Hex       70%        N/A       6%          3
 Sting                    Tmut/Pois      68%        1d6       11%         1
 Wereblood                Tmut           20%        N/A       11%         2
 Freeze                   Ice            52%        1d7       14%         1
 Summon Small Mammal      Summ           52%        N/A       14%         1
 Anguish                  Hex/Necr       17%        N/A       19%         4
 Hailstorm                Conj/Ice       36%        3d9       19%         4
 Iskenderun's Mystic Bla  Conj/Tloc      35%        2d8       19%         4
 Sticky Flame             Conj/Fire      36%        2d6       19%         4
 Ensorcelled Hibernation  Hex/Ice        26%        N/A       22%         2
 Poisonous Vapours        Pois/Air       26%        N/A       22%         2
 Spider Form              Tmut/Pois      17%        N/A       30%         3
 Ignite Poison            Fire/Tmut/Pois 15%        N/A       34%         3
 Frozen Ramparts          Ice            26%        1d4       38%         3
 Swiftness                Air            13%        N/A       38%         3
 Call Canine Familiar     Summ           13%        N/A       41%         3
 Confusing Touch          Hex            13%        N/A       41%         3
 Summon Guardian Golem    Hex/Summ       13%        N/A       41%         3
 Lightning Bolt           Conj/Air       18%        1d32      45%         5
 Ice Form                 Ice/Tmut       17%        N/A       69%         4
 Cause Fear               Hex            6%         N/A       82%         4
 Olgreb's Toxic Radiance  Pois           13%        N/A       82%         4
 Passage of Golubria      Tloc           13%        N/A       82%         4
 Orb of Destruction       Conj           28%        9d9       91%         7
 Alistair's Intoxication  Tmut/Pois      11%        N/A       96%         5
 Yara's Violent Unravell  Hex/Tmut       8%         3d5       96%         5
 Starburst                Conj/Fire      18%        6d7       96%         6
 Silence                  Hex/Air        6%         N/A       98%         5
 Dispersal                Tloc           6%         N/A       100%        6
 Eringya's Noxious Bog    Tmut/Pois      8%         N/A       100%        6
 Dragon Form              Tmut           10%        N/A       100%        7
 Enfeeble                 Hex            6%         N/A       100%        7
 Spellforged Servitor     Conj/Summ      17%        N/A       100%        7
 Lehudib's Crystal Spear  Conj/Erth      28%        10d8      100%        8
 Maxwell's Capacitive Co  Air            6%         ∞         100%        8
 Chain Lightning          Conj/Air       18%        3d24      100%        9
 Dragon's Call            Summ           6%         N/A       100%        9
 Fire Storm               Conj/Fire      18%        8d5       100%        9
 Shatter                  Erth           29%        3d24*     100%        9


Dungeon Overview and Level Annotations

Branches:
Dungeon (15/15)            Temple (1/1) D:4            Lair (6/6) D:10
  Swamp (0/4) Lair:4        Snake (0/4) Lair:4        Slime (0/5) Lair:6
    Orc (0/2) D:10         Vaults (0/5) D:13
 Depths: D:15

Altars:
Ashenzari
Cheibriados
Dithmenos
Elyvilon
Fedhas
Gozag
Hepliaklqana
Kikubaaqudgha
Makhleb
Nemelex Xobeh
Okawaru
Qazlal
Ru
Trog
Uskayaw
Vehumet
Wu Jian
Xom
Zin
Jiyva
Lugonu

Shops:
D:1 (

Portals:
Abyss: Lair:6

Annotations:
Lair:4 exclusion: oklob plant


Innate Abilities, Weirdness & Mutations

You are immune to sickness and miasma.
Your stone body is resilient. (AC +11)
You are immune to poison.
Your large and strong wings let you fly.
You resist negative energy. (rN+)
You are resistant to electric shocks. (rElec)
You are resistant to unholy torment.
You are immune to petrification.
You are frail. (-10% HP)
[You often lose your temper in combat.]
[You are dopey. (Int -2)]


Message History

You closely miss the skeletal warrior.
The skeletal warrior is lightly damaged.
The skeletal warrior hits you but does no damage.
You block the phantasmal warrior's attack.
You hit the skeletal warrior but do no damage.
The skeletal warrior is lightly damaged.
You barely miss the skeletal warrior.
The skeletal warrior is lightly damaged.
The skeletal warrior hits you but does no damage.
The phantasmal warrior hits you!
You hit the skeletal warrior.
The skeletal warrior is lightly damaged.
The skeletal warrior hits you with a +0 mace.
The phantasmal warrior hits you but does no damage.
You hit the skeletal warrior.
The skeletal warrior is lightly damaged.
You block the skeletal warrior's attack.
The phantasmal warrior hits you.
Your willpower is stripped away!
You hit the skeletal warrior but do no damage.
The skeletal warrior is lightly damaged.
You whack the skeletal warrior!
The skeletal warrior is moderately damaged.
You block the skeletal warrior's attack.
The phantasmal warrior hits you but does no damage.
You hit the skeletal warrior but do no damage.
The skeletal warrior is moderately damaged.
The skeletal warrior hits you but does no damage.
The phantasmal warrior hits you!!
You closely miss the skeletal warrior.
The skeletal warrior is moderately damaged.
You whack the skeletal warrior!
The skeletal warrior is heavily damaged.
You block the skeletal warrior's attack.
The phantasmal warrior hits you!
* * * LOW HITPOINT WARNING * * *
You barely miss the skeletal warrior.
The skeletal warrior is heavily damaged.
You block the skeletal warrior's attack.
The phantasmal warrior hits you!!
You die...

....)......+...#)# #.....#.##.##
#.....#....###'#.#####......##.#.
.#................>##.......##.#.
.#.###'#.#.##......##.......##.#.
...........##......###......##.#.
.##.....#####......##.......##.##
.##..............####.#..##.##...
.###....##.....Wz# #.#...#.#...#
.# #######......@# #..>.##...#..
.# #.....#......## ####.######..
####...#.##+##.## #.# #....
..##...#.##.##.# ######.# #.#..
#.##...#.##....# #...##.# #.#†.
#..)...#.####### #...##^# #.#.÷
#......#....# #......####...#
#.....#####.# #......'..##...
####### #.#######......##)##.##


You could see a skeletal warrior and a phantasmal warrior.

Vanquished Creatures
  Kirke (D:14)
  Louise (D:14)
  A lorocyproca (Abyss:2)
  The ghost of Yteof the Thaumaturge, a journeyman DECj of Vehumet (D:13)
  An eidolon (Abyss:2)
  Josephine (D:11)
  A spriggan zombie (Abyss:3)
  3 boulder beetles
  11 hydras
  A catoblepas (Lair:6)
  A centaur warrior (D:14)
  Erica (D:8)
  A death knight (D:13)
  5 two-headed ogres
  2 tengu warriors (D:13)
  3 hell hogs (Abyss:2)
  8 death yaks
  4 thrashing horrors
  Amaemon (D:11)
  Urug (Lair:2)
  Sonja (D:11)
  2 wretched stars (Abyss:2)
  A sixfirhy (Abyss:2)
  2 skeletal warriors (D:14)
  2 starcursed masses (Abyss:2)
  An orc knight (D:15)
  3 deep elf pyromancers
  A wizard (D:15)
  16 ugly things
  Pikel (D:6)
  A wolf spider (Lair:6)
  7 slime creatures
  2 cyclopes (D:12)
  Joseph (D:8)
  5 elephants (Lair:4)
  3 black mambas
  12 cane toads
  A smoke demon (Abyss:2)
  3 orange demons
  2 gargoyles
  Maggie (D:8)
  11 komodo dragons
  Psyche (D:11)
  2 efreet
  2 rime drakes
  3 yaktaurs (D:13)
  2 kobold demonologists
  4 ancient zymes
  3 meliai (D:13)
  4 trolls
  2 hornets
  A queen bee (shapeshifter) (D:8)
  Grinder (D:6)
  A raiju (Abyss:2)
  Prince Ribbit (D:6)
  20 blink frogs
  4 flying skulls
  Sigmund (D:3)
  A vampire (D:10)
  5 ynoxinuls
  3 shadows
  4 wraiths (D:11)
  22 yaks
  4 wyverns
  6 chaos spawn
  3 hogs (D:14)
  11 humans (D:13)
  5 large abominations
  3 neqoxecs
  4 basilisks
  A steam dragon (D:10)
  7 vampire mosquitoes
  An acid dragon (D:12)
  Duvessa (D:4)
  6 hell hounds
  18 small abominations
  20 water moccasins
  3 orc warriors
  3 ice beasts
  A black bear (Lair:1)
  2 ogres
  6 centaurs
  14 wolves
  2 lemures (D:6)
  16 kobold brigands
  16 bullfrogs
  2 necrophages
  2 scorpions
  12 wights
  Dowan (D:4)
  17 killer bees
  6 howler monkeys
  3 electric eels
  A gnoll shaman (D:5)
  5 hounds
  2 jellies
  10 orc priests
  4 iguanas
  13 orc wizards
  7 gnolls
  9 adders
  A white imp (D:5)
  3 ufetubi
  3 worms
  A dart slug (D:2)
  32 orcs
  4 bats
  8 endoplasms
  2 giant cockroaches
  12 goblins
  6 hobgoblins
  13 jackals
  22 kobolds
  5 quokkas
  5 ball pythons
  6 frilled lizards (D:1)
  3 rats
  A lurking horror (Abyss:2)
589 creatures vanquished.

Vanquished Creatures (others)
  A human (D:13)
  2 kobolds
  13 fungi
  17 plants
  10 starspawn tentacles (Abyss:2)
43 creatures vanquished.

Grand Total: 632 creatures vanquished

Notes
Turn   | Place    | Note
-------+----------+-------------------------------------------
     0 | D:1      | garrulousMonolith the Gargoyle Earth Elementalist began the
                  | quest for the Orb.
     0 | D:1      | Reached XP level 1. HP: 10/10 MP: 3/3
   136 | D:1      | Reached skill level 1 in Transmutations
   136 | D:1      | Reached XP level 2. HP: 16/16 MP: 1/5
   144 | D:1      | Found a faded altar of an unknown god.
   225 | D:1      | Reached XP level 3. HP: 19/20 MP: 0/6
   284 | D:1      | Reached skill level 1 in Fighting
   588 | D:1      | Found Vamocama's Weapon Boutique.
   614 | D:1      | Reached skill level 1 in Armour
  1091 | D:1      | Reached XP level 4. HP: 14/25 MP: 1/7
  1700 | D:2      | Learned a level 3 spell: Stone Arrow
  1703 | D:2      | Learned a level 2 spell: Passwall
  1852 | D:2      | Found a stormy altar of Qazlal.
  2464 | D:3      | Reached XP level 5. HP: 30/30 MP: 6/8
  2724 | D:3      | Noticed Sigmund
  2727 | D:3      | Reached skill level 1 in Shields
  2727 | D:3      | Reached skill level 5 in Earth Magic
  2735 | D:3      | Killed Sigmund
  2736 | D:3      | Reached XP level 6. HP: 29/36 MP: 6/10
  2947 | D:3      | Identified the +5 ring mail of Music {rElec rF+ Regen+
                  | Int+2}
  3057 | D:3      | Reached skill level 2 in Shields
  3277 | D:1      | Bought a +2 scimitar of venom for 184 gold pieces
  3334 | D:3      | Reached XP level 7. HP: 40/40 MP: 11/11
  3622 | D:4      | Noticed Duvessa
  3622 | D:4      | Noticed Dowan
  3633 | D:4      | Killed Duvessa
  3637 | D:4      | Killed Dowan
  3682 | D:4      | Found a staircase to the Ecumenical Temple.
  3693 | Temple   | Entered the Ecumenical Temple
  3953 | Temple   | Became a worshipper of Ashenzari the Shackled
  4228 | D:4      | Reached skill level 3 in Shields
  4501 | D:4      | Identified 2 scrolls of acquirement
  4501 | D:4      | Acquired Great Wizards, Vol. II
  4511 | D:4      | Learned a level 5 spell: Borgnjor's Vile Clutch
  4513 | D:4      | Acquired Sif Muna's Guide on Changing and the Compass
  4543 | D:5      | Entered Level 5 of the Dungeon
  4558 | D:5      | Reached XP level 8. HP: 47/47 MP: 13/13
  5067 | D:5      | Reached * piety under Ashenzari
  5632 | D:6      | Noticed Grinder
  5635 | D:6      | Killed Grinder
  5636 | D:6      | Reached skill level 4 in Shields
  5943 | D:6      | Reached skill level 1 in Conjurations
  5946 | D:6      | Reached XP level 9. HP: 41/54 MP: 3/16
  5949 | D:6      | Cast into level 1 of the Abyss (orc)
  6085 | Abyss:1  | Noticed a demonic crawler
  6124 | Abyss:1  | Noticed a thrashing horror
  6142 | Abyss:1  | Killed a thrashing horror
  6145 | D:6      | Escaped the Abyss
  6215 | D:6      | Found a blossoming altar of Fedhas.
  6304 | D:6      | Noticed Pikel
  6330 | D:6      | Killed Pikel
  6331 | D:6      | Reached skill level 5 in Shields
  6402 | D:6      | Noticed Prince Ribbit
  6406 | D:6      | Killed Prince Ribbit
  6407 | D:6      | Reached skill level 5 in Fighting
  6786 | D:7      | Reached skill level 5 in Armour
  7219 | D:7      | Acquired a book of Annihilations
  7338 | D:7      | Reached ** piety under Ashenzari
  7372 | D:7      | Reached skill level 5 in Spellcasting
  7393 | D:7      | Reached skill level 6 in Shields
  7418 | D:7      | Found a white marble altar of Elyvilon.
  7983 | D:8      | Noticed Maggie
  7987 | D:8      | Killed Maggie
  7987 | D:8      | Noticed a hornet
  7988 | D:8      | Reached XP level 10. HP: 63/63 MP: 9/19
  7993 | D:8      | Reached skill level 5 in Conjurations
  8228 | D:8      | Noticed Erica
  8234 | D:8      | Killed Erica
  8235 | D:8      | Reached skill level 7 in Shields
  8356 | D:8      | Noticed Joseph
  8363 | D:8      | Killed Joseph
  8725 | D:8      | Noticed a boulder beetle
  8753 | D:8      | Killed a boulder beetle
  8870 | D:8      | Noticed a white ugly thing
  8885 | D:8      | Killed a purple ugly thing
  8886 | D:8      | Reached skill level 8 in Shields
  8975 | D:8      | Noticed a boulder beetle
  8975 | D:8      | Noticed a guardian serpent
  8992 | D:8      | Noticed a guardian serpent
  8992 | D:8      | a queen bee changed into a guardian serpent
  8998 | D:8      | a guardian serpent changed into a queen bee
  9011 | D:8      | Reached XP level 11. HP: 63/68 MP: 1/21
  9086 | D:8      | Killed a boulder beetle
  9569 | D:9      | Reached skill level 1 in Necromancy
  9694 | D:9      | Noticed a two-headed ogre
  9698 | D:9      | Killed a two-headed ogre
 10258 | D:9      | Reached skill level 9 in Shields
 10625 | D:10     | Entered Level 10 of the Dungeon
 10625 | D:10     | Found a staircase to the Orcish Mines.
 10668 | D:10     | Noticed a two-headed ogre
 10673 | D:10     | Killed a two-headed ogre
 11413 | D:10     | Reached XP level 12. HP: 65/76 MP: 24/24
 11459 | D:10     | Found a staircase to the Lair.
 11880 | D:11     | Noticed a six-headed hydra
 11892 | D:11     | Killed a four-headed hydra
 11893 | D:11     | Reached skill level 10 in Shields
 12208 | D:11     | Noticed Sonja
 12212 | D:11     | Killed Sonja
 12332 | D:11     | Noticed Josephine
 12338 | D:11     | Killed Josephine
 12519 | D:11     | Noticed Amaemon
 12528 | D:11     | Killed Amaemon
 12719 | D:11     | Noticed Psyche
 12729 | D:11     | Killed Psyche
 12936 | D:11     | Noticed a two-headed ogre
 12949 | D:11     | Killed a two-headed ogre
 12950 | D:11     | Reached skill level 5 in Necromancy
 13210 | Lair:1   | Entered Level 1 of the Lair of Beasts
 13253 | Lair:1   | Reached skill level 11 in Shields
 13777 | Lair:1   | Learned a level 4 spell: Petrify
 14416 | Lair:2   | Reached XP level 13. HP: 82/82 MP: 25/25
 14486 | Lair:2   | Reached skill level 1 in Maces & Flails
 14957 | Lair:2   | Noticed Urug
 14976 | Lair:2   | Killed Urug
 16610 | Lair:4   | Found a staircase to the Snake Pit.
 16928 | Lair:4   | Found a staircase to the Swamp.
 17462 | Lair:5   | Reached skill level 5 in Maces & Flails
 17610 | Lair:5   | Reached skill level 12 in Shields
 17772 | Lair:5   | Gained mutation: Your large and strong wings let you fly.
                  | [Gargoyle growth]
 17772 | Lair:5   | Reached XP level 14. HP: 88/88 MP: 27/27
 18036 | Lair:5   | Identified the +5 war axe of the Dungeon {freeze, rPois}
 18509 | Lair:6   | Entered Level 6 of the Lair of Beasts
 18843 | Lair:6   | Reached skill level 10 in Fighting
 18849 | Lair:6   | Reached skill level 10 in Armour
 19477 | Lair:6   | Found a corrupted altar of Lugonu.
 19477 | Lair:6   | Found a one-way gate to the infinite horrors of the Abyss.
 19611 | Lair:6   | Found a viscous altar of Jiyva.
 19612 | Lair:6   | Found a staircase to the Slime Pits.
 22445 | D:13     | Reached XP level 15. HP: 96/96 MP: 17/29
 22656 | D:13     | Found a gate to the Vaults.
 23412 | D:13     | Found a runed translucent door.
 23412 | D:13     | Noticed Yteof's ghost (journeyman DECj)
 24063 | D:13     | Killed Yteof's ghost
 24064 | D:13     | Reached skill level 13 in Shields
 24586 | D:14     | Identified the cursed ring of the Cursed Comet {Str+6,
                  | Self, Comp} (You found it on level 2 of the Dungeon)
 24586 | D:14     | Identified the cursed amulet of the Profound Sun {Reflect
                  | SH+5, Elem, Bglg} (You found it on level 5 of the Dungeon)
 24603 | D:14     | Noticed Kirke
 24630 | D:14     | Found an ornate altar of the Wu Jian Council.
 24782 | D:14     | Killed Kirke
 25087 | D:14     | Noticed Louise
 25102 | D:14     | Killed Louise
 25386 | D:15     | Entered Level 15 of the Dungeon
 25667 | D:15     | Cast into level 2 of the Abyss (a wizard)
 25903 | Abyss:2  | Noticed a tentacled starspawn
 26010 | Abyss:2  | Noticed a tentacled starspawn
 26092 | Abyss:2  | Noticed a bone dragon
 26116 | Abyss:2  | Found a blossoming altar of Fedhas.
 26409 | Abyss:2  | Noticed an Executioner
 26419 | Abyss:2  | Found a blossoming altar of Fedhas.
 26545 | Abyss:2  | Found a hazy altar of Hepliaklqana.
 27489 | Abyss:2  | Noticed a tentacled starspawn
 27503 | Abyss:2  | Noticed a tentacled starspawn
 27747 | Abyss:2  | Gained mutation: You are frail. (-10% HP) [a neqoxec]
 27881 | Abyss:3  | Found a corrupted altar of Lugonu.
 28020 | Abyss:3  | Found a corrupted altar of Lugonu.
 28052 | Abyss:3  | Found a corrupted altar of Lugonu.
 28157 | D:15     | Escaped the Abyss
 28247 | D:14     | Slain by a phantasmal warrior

Illustrated notes

Levels and vault maps discovered:
D:1:      saegor_arrival_fortress, layout_loops_ring, serial_shops, shop,
          ebering_ecumenical_altar_box, minmay_statues_item
D:2:      layout_rooms, basic_altar, kennysheep_generic_room_3
D:3:      layout_loops_ring, minmay_misc_feat_four_crosses,
          minmay_ogre_servants, uniq_sigmund
D:4:      dreamdust_elfheim, layout_loops_cross,
          minmay_temple_entry_statues_fountains
D:5:      layout_basic
D:6:      layout_gridville, fedhas_altar_1, uniq_grinder, uniq_prince_ribbit1,
          uniq_pikel
D:7:      layout_loops_ring, mainiacjoe_overflow_brackets
D:8:      layout_rooms, serial_aquarium, aquarium_bridge_square
          [aquarium_subvault_bridge, aquarium_subvault_window,
          aquarium_subvault_bridge, aquarium_subvault_bridge],
          aquarium_bridge_square [aquarium_subvault_bridge,
          aquarium_subvault_bridge, aquarium_subvault_bridge,
          aquarium_subvault_bridge], aquarium_window_corridor_3,
          aquarium_window_fake, aquarium_view_2c, kb_rosetta, uniq_joseph,
          uniq_maggie, uniq_erica
D:9:      layout_roguey
D:10:     layout_irregular_city, erik_lair_island, orc_0_dummy
D:11:     layout_roguey [special_room_kobold], uniq_josephine, uniq_psyche,
          uniq_sonja, uniq_amaemon
D:12:     minmay_inner_zag, layout_long_grid
D:13:     layout_loops_ring, ximxim_vaults_locker_room,
          hellmonk_ghost_happy_afterlife
D:14:     layout_basic, hangedman_glass_teeth, nicolae_wu_jian_wuxing_cycle,
          uniq_louise, uniq_kirke
D:15:     hangedman_depths_entry_try_elsewhere_first, layout_small_grid,
          serial_park_avenue1, uniq_roxanne
Temple:   mainiacjoe_temple_big_plus
Lair:1:   layout_layer_cave, nicolae_quartered_pool_medium,
          eino_small_chamber_without_monster
Lair:2:   layout_hall_layers, uniq_urug
Lair:3:   layout_chaotic_city
Lair:4:   layout_gridlike, swamp_mist, minmay_snake_entry_six_corridors
Lair:5:   layout_big_grid, infiniplex_staircase_pool, grunt_megastairs_3
Lair:6:   hellmonk_lair_end_abyssal_woods, layout_regular_city, slime_altar_1

Skill      XL: |  1  2  3  4  5  6  7  8  9 10 11 12 13 14 15 |
---------------+----------------------------------------------+-----
Transmutations | 1 |  1.0
Earth Magic    | 4 5 6 7 8 9 |  9.1
Fighting       | 1 2 3 4 5 6 7 8 9 10 11 | 11.3
Armour         | 1 2 3 4 5 6 7 8 9 10 11 | 11.3
Dodging        | 2 |  2.0
Shields        | 1 2 3 4 6 8 9 11 12 13 | 13.2
Spellcasting   | 3 4 5 6 7 8 9 |  9.8
Conjurations   | 1 4 6 8 |  8.7
Necromancy     | 3 5 7 8 |  8.7
Maces & Flails | 5 7 9 |  9.4
Stealth        | |  2.1

Action                   |  1- 3 |  4- 6 |  7- 9 | 10-12 | 13-15 || total
-------------------------+-------+-------+-------+-------+-------++-------
Melee: Dagger            |    50 |    45 |       |       |       ||    95
       Punch             |     1 |     1 |       |       |       ||     2
       Scimitar          |       |     3 |   202 |   178 |       ||   383
       Short sword       |       |       |       |   140 |       ||   140
       Demon whip        |       |       |       |   118 |  1275 ||  1393
       War axe           |       |       |       |     9 |     9 ||    18
       Unarmed           |       |       |       |     4 |    26 ||    30
 Cast: Sandblast         |    47 |    52 |    92 |    58 |    77 ||   326
       Stone Arrow       |       |     2 |    24 |   143 |   378 ||   547
       Borgnjor's Vile C |       |       |       |     2 |     5 ||     7
       Passwall          |       |       |       |       |     1 ||     1
Invok: Curse Item        |       |       |     3 |       |       ||     3
Evoke: Wand              |       |       |       |     1 |     3 ||     4
       Condenser vane    |       |       |       |       |     1 ||     1
  Use: Potion            |       |     1 |       |     6 |     4 ||    11
       Scroll            |       |       |    11 |     1 |    16 ||    28
 Stab: Sleeping          |       |       |     1 |       |       ||     1
       Confused          |       |       |       |     1 |       ||     1
Armor: Robe              |    28 |     2 |       |       |       ||    30
       Leather armour    |       |     6 |       |       |       ||     6
       Ring mail         |       |    22 |   156 |   278 |   796 ||  1252
       Skin              |       |       |       |       |     7 ||     7
Dodge: Dodged            |    51 |    29 |   101 |   197 |   527 ||   905
Block: Kite shield       |       |     9 |   197 |   483 |  1363 ||  2052
       Reflection        |       |       |       |    10 |    13 ||    23
       Other             |       |       |       |       |     4 ||     4

Table legend: (Time is in decaauts)
 A = Elapsed time spent in this place.
 B = Non-inter-level travel time spent in this place.
 C = Inter-level travel time spent in this place.
 D = Time resting spent in this place.
 E = Time spent auto-exploring this place.
 F = Levels seen in this place.
 G = Mean time per level.
                   A        B        C        D        E       F      G
               +--------+--------+--------+--------+--------+-----+--------+
         Total |  28387 |  27516 |    871 |   4970 |  16998 |  25 | 1135.5 |
       Dungeon |  17872 |  17377 |    495 |   2657 |  11444 |  15 | 1191.5 |
        Temple |    290 |    260 |     30 |      0 |    249 |   1 |  290.0 |
          Lair |   7581 |   7235 |    346 |    553 |   5135 |   6 | 1263.5 |
         Abyss |   2642 |   2642 |      0 |   1759 |    170 |   3 |  880.7 |
               +--------+--------+--------+--------+--------+-----+--------+

Top non-repeatable levels by time:
 Abyss:2: 2172 daAuts
  Lair:6: 2119 daAuts
    D:13: 1839 daAuts
     D:1: 1577 daAuts
     D:8: 1558 daAuts
    D:11: 1472 daAuts
    D:12: 1466 daAuts
    D:14: 1369 daAuts
  Lair:4: 1360 daAuts
  Lair:1: 1259 daAuts
     D:9: 1246 daAuts
    D:10: 1245 daAuts
     D:5: 1196 daAuts
     D:7: 1147 daAuts
     D:3: 1117 daAuts
